Map: Snowy Mesa

Players

MeepMeep - Winner!

  • Race: Protoss Protoss
  • League: Diamond
  • Spawn Location: 12:00

DMDDREW - Winner!

  • Race: Protoss Protoss
  • League: Diamond
  • Spawn Location: 12:00

Yata

  • Race: Zerg Zerg
  • League: Gold
  • Spawn Location: 6:00

Myhome

  • Race: Terran Terran
  • League: Diamond
  • Spawn Location: 6:00

VOD

Have the link to the VOD?

Description

Time

  • Played on: Aug. 31, 2017, 10:24 p.m.
  • Length: 13:19
Show
View Real Time Build Order
Export as new Build Order

MeepMeep Protoss - Winner!

Build Orders:  

Get SALT Encoding   

  12  0:01  Probe (Chrono Boost)  
  13  0:11  Probe (Chrono Boost)  
  14  0:18  Pylon  
  14  0:22  Probe (Chrono Boost)  
  15  0:44  Probe (Chrono Boost)  
  15  0:47  Pylon  
  16  0:54  Forge  
  16  0:55  Probe (Chrono Boost)  
  17  1:05  Probe (Chrono Boost)  
  17  1:10  Gateway  
  18  1:16  Probe (Chrono Boost)  
  19  1:26  Probe (Chrono Boost)  
  19  1:27  Assimilator  
  20  1:37  Probe (Chrono Boost)  
  21  1:47  Nexus  
  21  1:49  Probe (Chrono Boost)  
  22  1:59  Assimilator  
  22  2:03  Gateway  
  22  2:09  Probe (Chrono Boost)  
  23  2:18  Photon Cannon  
  23  2:19  Probe (Chrono Boost)  
  24  2:31  Pylon  
  24  2:41  Probe (Chrono Boost)  
  24  2:43  Photon Cannon  
  25  2:54  Photon Cannon  
  25  3:00  Pylon  
  25  3:07  Probe x2 (Chrono Boost)  
  27  3:18  Probe (Chrono Boost)  
  27  3:19  Probe (Chrono Boost)  
  29  3:28  Pylon  
  29  3:29  Probe (Chrono Boost)  
  30  3:34  Probe (Chrono Boost)  
  30  3:38  Pylon  
  30  3:39  Probe (Chrono Boost)  
  32  3:45  Cybernetics Core  
  32  3:47  Pylon, Probe (Chrono Boost)  
  33  3:55  Photon Cannon  
  33  3:57  Probe (Chrono Boost)  
  34  4:04  Probe (Chrono Boost)  
  34  4:08  Probe (Chrono Boost)  
  34  4:09  Assimilator  
  36  4:14  Assimilator, Probe (Chrono Boost)  
  37  4:21  Pylon  
  37  4:26  Pylon  
  37  4:27  Probe x2 (Chrono Boost)  
  39  4:31  Stalker  
  39  4:34  Stalker  
  43  4:40  Twilight Council  
  44  4:45  Probe (Chrono Boost)  
  44  4:46  Probe (Chrono Boost)  
  45  4:56  Photon Cannon  
  45  5:02  Photon Cannon  
  45  5:03  Photon Cannon  
  45  5:06  Pylon  
  45  5:14  Pylon  
  45  5:20  Adept x2  
  48  5:29  Mothership Core (Chrono Boost)  
  50  5:40  Probe (Chrono Boost)  
  50  5:42  Warp Gate, Resonating Glaives (Chrono Boost)  
  51  5:46  Probe  
  52  5:51  Adept  
  52  5:52  Adept  
  56  5:59  Pylon  
  56  6:00  Probe  
  56  6:02  Probe  
  58  6:11  Probe  
  58  6:14  Gateway  
  58  6:16  Gateway  
  58  6:18  Gateway  
  59  6:19  Gateway x2  
  59  6:25  Templar Archives  
  59  6:31  Robotics Facility, Adept  
  59  6:49  Mothership Core  
  59  6:53  Probe  
  62  6:58  Charge (Chrono Boost)  
  62  7:03  Psionic Storm  
  62  7:05  Probe  
  63  7:08  Protoss Ground Weapons Level 1 (Chrono Boost)  
  63  7:40  Warp Prism  
  65  7:51  Stalker  
  65  7:52  Stalker x5  
  65  7:53  Stalker  
  79  8:22  Stalker  
  79  8:23  Stalker x6  
  93  8:38  Photon Cannon  
  93  8:40  Protoss Air Weapons Level 1, Photon Cannon  
  93  8:42  Nexus  
  93  8:44  Pylon  
  92  8:55  Blink  
  92  9:12  Nexus  
  92  9:18  Probe x2  
  92  9:19  Pylon  
  92  9:21  Pylon  
  92  9:22  High Templar x6  
  92  9:23  Pylon  
  106  9:54  Probe  
  106  9:56  Probe x2  
  109  10:01  Stalker  
  109  10:02  Stalker x6  
  109  10:05  Probe  
  124  10:08  Probe x2  
  124  10:09  Protoss Ground Weapons Level 2 (Chrono Boost)  
  126  10:15  Probe  
  126  10:20  Probe x2  
  129  10:26  Probe  
  129  10:27  Pylon  
  130  10:29  Pylon  
  130  10:42  Zealot x2  
  132  10:43  Zealot x4  
  132  10:49  Assimilator x2  
  110  11:34  Stalker  
  110  11:35  Stalker x6  
  102  12:48  High Templar  
  102  12:49  High Templar x6, Probe  
  102  12:51  Probe x2  
Show
View Real Time Build Order
Export as new Build Order

DMDDREW Protoss - Winner!

Build Orders: Oracle Opening 

Get SALT Encoding   

  12  0:03  Probe (Chrono Boost)  
  13  0:13  Probe (Chrono Boost)  
  14  0:21  Pylon  
  14  0:27  Probe (Chrono Boost)  
  15  0:40  Gateway  
  15  0:44  Probe (Chrono Boost)  
  15  0:47  Assimilator  
  16  0:53  Assimilator  
  16  0:55  Probe (Chrono Boost)  
  17  1:12  Probe (Chrono Boost)  
  18  1:22  Probe (Chrono Boost)  
  19  1:28  Cybernetics Core  
  19  1:35  Pylon  
  19  1:38  Probe (Chrono Boost)  
  20  1:48  Probe (Chrono Boost)  
  21  2:10  Stargate  
  21  2:13  Probe (Chrono Boost)  
  22  2:24  Probe (Chrono Boost)  
  22  2:25  Warp Gate (Chrono Boost)  
  23  2:31  Nexus  
  23  2:39  Probe  
  24  2:51  Probe  
  25  2:53  Oracle (Chrono Boost)  
  28  3:03  Pylon, Probe  
  29  3:07  Gateway  
  29  3:15  Probe  
  30  3:25  Oracle (Chrono Boost)  
  33  3:27  Probe  
  34  3:39  Probe  
  35  3:53  Probe  
  35  3:55  Probe  
  36  3:56  Oracle (Chrono Boost)  
  40  4:05  Probe  
  40  4:06  Pylon  
  41  4:14  Probe  
  42  4:17  Probe  
  43  4:27  Oracle (Chrono Boost)  
  46  4:31  Probe  
  46  4:33  Probe  
  48  4:40  Twilight Council  
  48  4:48  Gateway  
  48  4:49  Probe  
  48  4:50  Probe  
  48  4:51  Gateway  
  50  4:58  Oracle (Chrono Boost)  
  53  5:36  Zealot x2  
  53  5:38  Charge (Chrono Boost)  
  54  5:45  Probe, Oracle (Chrono Boost)  
  54  5:47  Probe  
  54  5:48  Assimilator  
  52  5:50  Assimilator  
  41  5:59  Probe  
  38  6:11  Probe x2  
  38  6:12  Oracle (Chrono Boost)  
  38  6:13  Zealot x4  
  51  6:32  Nexus  
  51  6:36  Zealot x4  
  59  6:42  Probe x2  
  59  6:45  Pylon  
  61  6:58  Oracle  
  64  7:11  Probe x2  
  64  7:15  Templar Archives  
  66  7:16  Pylon  
  66  7:24  Mothership Core, Probe  
  66  7:36  Probe  
  67  7:44  Probe  
  67  7:45  Probe  
  67  7:46  Probe  
  70  7:51  Zealot x3  
  70  7:52  Zealot  
  70  7:54  Probe  
  70  7:57  Probe x2  
  80  8:05  Probe  
  81  8:07  Probe  
  81  8:09  Probe  
  84  8:15  Probe  
  84  8:18  Probe  
  86  8:20  Psionic Storm  
  86  8:21  Probe  
  86  8:26  Probe  
  87  8:28  Probe  
  87  8:30  Pylon  
  87  8:33  Pylon  
  87  8:34  Probe  
  90  8:36  Probe  
  90  8:37  Robotics Facility  
  90  8:39  Probe  
  92  8:46  Probe  
  92  8:47  Probe  
  93  8:54  High Templar x4  
  102  9:03  Gateway  
  102  9:06  Gateway  
  102  9:07  Pylon  
  102  9:10  Gateway, Probe x2  
  102  9:11  Probe  
  102  9:13  Gateway  
  102  9:17  Gateway  
  105  9:25  Observer  
  105  9:28  Forge  
  105  9:30  Forge  
  106  10:02  Stalker x3  
  106  10:03  Stalker  
  106  10:04  Protoss Ground Weapons Level 1, Protoss Ground Armor Level 1  
  114  10:09  Probe x2  
  114  10:10  Probe  
  114  10:13  Assimilator x2  
  117  10:32  Pylon x2  
  117  10:35  Pylon  
  117  10:36  Pylon  
  117  10:41  Pylon  
  117  10:44  Nexus  
  117  10:49  Gateway, Probe x2  
  117  10:50  Probe  
  117  10:51  Immortal  
  117  10:52  Gateway  
  124  11:15  Pylon  
  124  11:17  Pylon  
  124  11:19  Pylon  
  124  11:21  Pylon  
  115  11:40  Stalker x4  
  115  11:41  Stalker x5  
  133  11:50  Probe x2  
  133  11:51  Probe  
  137  11:56  Immortal  
  137  11:58  Probe  
  137  12:01  Probe x2  
  141  12:03  Probe  
  144  12:09  Probe  
  144  12:11  Probe x2  
  147  12:16  Probe  
  142  12:32  Zealot x3  
  142  12:33  Zealot x3  
  142  12:34  High Templar x4  
  142  12:35  High Templar, Immortal  
  168  12:39  Assimilator  
  168  12:40  Assimilator  
  165  12:50  Nexus  
  163  12:56  Stalker x5  
  163  12:57  Stalker  
Show
View Real Time Build Order
Export as new Build Order

Yata Zerg 

Build Orders: Hatch First 

Get SALT Encoding   

  12  0:01  Drone  
  13  0:12  Overlord  
  13  0:17  Drone  
  14  0:30  Drone x2  
  14  0:34  Drone  
  18  0:57  Hatchery, Drone  
  18  1:00  Drone  
  18  1:19  Extractor  
  18  1:21  Spawning Pool  
  16  1:46  Drone  
  18  1:47  Drone x2  
  19  2:06  Drone  
  20  2:12  Drone x2  
  22  2:19  Queen x2  
  22  2:21  Zergling x4  
  28  2:29  Metabolic Boost  
  28  2:43  Overlord x3  
  28  2:44  Overlord  
  28  3:02  Drone  
  28  3:03  Drone x2  
  31  3:08  Drone  
  32  3:12  Lair  
  32  3:16  Extractor  
  32  3:19  Extractor  
  30  3:21  Extractor  
  29  3:28  Zergling x8  
  29  3:29  Evolution Chamber  
  32  3:43  Spore Crawler  
  32  3:46  Spore Crawler, Drone x5  
  35  3:56  Zerg Melee Weapons Level 1  
  35  4:05  Queen  
  37  4:30  Spire  
  36  4:47  Infestation Pit  
  30  5:36  Overlord x2  
  30  5:46  Corruptor x3  
  30  5:47  Corruptor x2  
  37  6:09  Drone x4  
  37  6:10  Drone x4  
  45  6:12  Drone x5  
  50  6:27  Hive  
  50  6:35  Zerg Ground Armor Level 1  
  50  6:37  Drone  
  51  6:58  Corruptor  
  51  6:59  Corruptor x2  
  57  7:45  Corruptor  
  57  7:46  Corruptor x2  
  63  8:02  Hatchery  
  62  8:08  Greater Spire  
  62  8:19  Queen  
  64  8:38  Zerg Melee Weapons Level 2  
  64  8:46  Spire  
  64  8:48  Mutalisk  
  65  9:09  Overlord x5  
  65  9:30  Drone  
  65  9:31  Drone x6  
  70  9:32  Drone x6  
  70  9:33  Drone  
  70  9:34  Queen  
  81  9:49  Corruptor x4  
  81  9:50  Corruptor x2  
  93  9:59  Brood Lord  
  95  10:15  Brood Lord  
  97  10:23  Corruptor  
  99  10:37  Extractor  
  99  10:38  Extractor  
  99  10:40  Brood Lord  
  99  10:46  Zerg Flyer Weapons Level 1  
  95  11:35  Corruptor x5  
  105  12:13  Overlord  
  105  12:14  Overlord x5  
  95  12:33  Zergling x12  
  95  12:34  Zergling x34  
Show
View Real Time Build Order
Export as new Build Order

Myhome Terran 

Build Orders:  

Get SALT Encoding   

  12  0:01  SCV  
  13  0:13  SCV  
  14  0:18  Supply Depot  
  14  0:25  SCV  
  15  0:40  SCV  
  15  0:41  Barracks  
  16  0:50  Refinery  
  16  1:00  SCV  
  17  1:12  SCV  
  18  1:24  SCV  
  19  1:44  Orbital Command  
  19  1:45  Command Center  
  19  1:48  Barracks Reactor  
  19  2:03  Barracks  
  19  2:14  SCV  
  19  2:15  Refinery  
  20  2:25  Factory  
  20  2:26  SCV  
  21  2:36  Marine x2  
  23  2:45  Supply Depot  
  23  2:56  SCV  
  23  2:58  Barracks Tech Lab, Marine x2  
  26  3:08  SCV  
  27  3:13  Orbital Command  
  27  3:16  Marine x2  
  27  3:19  Factory Tech Lab  
  29  3:23  SCV  
  29  3:25  Marine  
  29  3:26  Starport  
  31  3:32  Stimpack  
  25  3:46  SCV  
  25  3:47  SCV  
  25  3:57  Engineering Bay  
  25  3:59  Marine x2  
  27  4:09  SCV x2  
  29  4:17  Marine x3  
  29  4:21  SCV x2  
  33  4:32  Missile Turret  
  33  4:33  SCV x2  
  33  4:34  Missile Turret  
  33  4:37  Marine  
  33  4:38  Marine  
  37  4:42  Medivac  
  37  4:45  SCV x2  
  41  4:49  Marine  
  42  4:55  Marine  
  42  4:57  SCV  
  44  5:01  Terran Infantry Weapons Level 1  
  44  5:07  Marine  
  44  5:13  Barracks, Missile Turret  
  45  5:21  Marine x2  
  39  5:22  Missile Turret  
  39  5:28  SCV x2  
  43  5:40  SCV x2  
  45  5:44  Marine  
  45  5:45  Starport Reactor  
  45  5:49  Supply Depot, Marine x2  
  46  5:51  Supply Depot  
  48  6:00  SCV x2  
  48  6:02  Marine  
  51  6:07  Marine  
  52  6:11  Barracks Reactor  
  52  6:14  Barracks  
  52  6:16  Marine  
  53  6:22  Engineering Bay  
  53  6:26  Armory  
  53  6:31  Marine x2  
  55  6:34  SCV  
  55  6:35  SCV  
  57  6:47  Marine  
  57  6:48  Marine x2  
  57  6:49  Marine  
  61  6:54  Marine  
  61  6:57  Medivac  
  64  7:05  Marine x2  
  64  7:06  Marine  
  64  7:13  Missile Turret  
  64  7:14  Missile Turret  
  64  7:16  Marine x2  
  64  7:17  Missile Turret  
  64  7:19  SCV  
  67  7:24  Missile Turret  
  67  7:29  Missile Turret  
  67  7:32  Marine x3  
  70  7:38  Marine  
  70  7:43  Supply Depot  
  71  7:45  Supply Depot  
  71  7:47  Refinery, SCV  
  68  8:07  Marine x5  
  68  8:08  Marine  
  74  8:13  Medivac  
  74  8:17  Barracks  
  76  8:26  Missile Turret  
  76  8:30  Terran Infantry Armor Level 1  
  76  8:40  SCV x2  
  78  8:42  Marine x4  
  78  8:48  Marine x2  
  80  9:00  Marine x4  
  82  9:05  Medivac x2  
  82  9:06  Marine  
  82  9:09  Marine  
  88  9:16  SCV  
  89  9:17  Barracks  
  89  9:18  Barracks, Marine  
  89  9:20  Marine x3  
  89  9:21  SCV  
  94  9:38  Supply Depot  
  94  9:42  Supply Depot  
  94  9:53  Medivac, Marine x3  
  94  9:54  SCV x2  
  94  9:55  Supply Depot x2  
  101  10:03  Barracks Reactor  
  101  10:04  Marine x3  
  101  10:06  Barracks Reactor  
  104  10:08  Barracks Reactor  
  104  10:10  SCV  
  105  10:18  Terran Infantry Weapons Level 2  
  105  10:20  Marine  
  106  10:41  Command Center  
  106  10:56  Marine x4  
  106  10:57  Marine x3  
  107  11:21  Marine x5  
  107  11:22  Marine x4  
  55  11:47  Marine  
  55  11:48  Marine x5  
  60  11:57  SCV x2  
  61  12:09  SCV  
  62  12:15  Marine  
  62  12:16  Marine x7  
  62  12:17  Marine x3  
  70  12:33  Marine  
  55  12:45  Marine x2  
  55  12:46  Marine x3  
  55  12:47  Marine  
Tags
 
Add a new tag
Caveats
  • Supply blocks, unpowered buildings, or Contaminate may cause inaccurate times.
  • Supply counts are checked every 10 seconds.